 Dungeon Crawl Stone Soup version 0.32-a0-120-gfac0567ad4 (webtiles) character file.

Game seed: 5186174991815986896

107 grandjackal the Trooper (level 4, -5/35 HPs)
             Began as a Demonspawn Gladiator on Feb 6, 2024.
             Slain by Sigmund
             ... wielding a +0 scythe
              (9 damage)
             ... on level 3 of the Dungeon.
             The game lasted 00:01:28 (1913 turns).

grandjackal the Trooper (Demonspawn Gladiator)      Turns: 1913, Time: 00:01:29

Health: -5/35      AC:  6    Str: 16    XL:     4   Next: 56%
Magic:  4/4        EV: 13    Int: 13    God:
Gold:   93         SH:  0    Dex: 17    Spells: 3/3 levels left

rFire   . . .        k - +3 battleaxe of Symmetry {freeze, rPois rC+ Int+4 Dex+3}
rCold   + . .        (shield currently unavailable)
rNeg    . . .        b - +0 leather armour
rPois   +            c - +0 helmet
rElec   .            (no cloak)
rCorr   .            (no gloves)
SInv    .            (no boots)
Will    .....        (no amulet)
Stlth   +            (no ring)
HPRegen 0.25/turn    (no ring)
MPRegen 0.09/turn

%: no passive effects
@: no status effects
A: molten scales 1, powered by pain 1
a: no special abilities


You were on level 3 of the Dungeon.
You visited 1 branch of the dungeon, and saw 3 of its levels.

You collected 93 gold pieces.

Inventory:

Hand Weapons
 a - a +0 long sword
 k - the +3 battleaxe of Symmetry (weapon) {freeze, rPois rC+ Int+4 Dex+3}
   (You found it on level 2 of the Dungeon)

   Int+4:     It affects your intelligence (+4).
   Dex+3:     It affects your dexterity (+3).
   rC+:       It protects you from cold.
   rPois:     It protects you from poison
Missiles
 d - 3 throwing nets (quivered)
 e - a javelin
Armour
 b - a +0 leather armour (worn)
 c - a +0 helmet (worn)
Wands
 n - a wand of digging (6)
Scrolls
 f - a scroll of immolation {unknown}
 h - a scroll of poison {unknown}
 i - 2 scrolls of identify {unknown}
 j - a scroll of fear {unknown}
Potions
 g - a potion of attraction {unknown}
 l - a potion of haste {unknown}
 m - a potion of degeneration {unknown}


   Skills:
 + Level 3.5 Fighting
 - Level 3.1 Long Blades
 + Level 1.6 Axes
 - Level 2.0 Throwing
 - Level 3.0 Dodging


You had 3 spell levels left.
You didn't know any spells.
Your spell library was empty.

Dungeon Overview and Level Annotations

Branches:
Dungeon (3/15)

Altars:

Annotations:
D:3 Sigmund


Innate Abilities, Weirdness & Mutations

You are partially covered in molten scales. (AC +2)
You sometimes gain a little power by taking damage.


Message History

The ribbon worm bites you.
The web tears apart.
The ribbon worm expels a string of sticky webbing.
The stream of webbing hits you but does no damage.
You are caught in a web!
The web tears apart.
The ribbon worm closely misses you.
You slash the ribbon worm! You freeze the ribbon worm.
The ribbon worm is almost dead.
The ribbon worm expels a string of sticky webbing.
The stream of webbing misses you.
You slash the ribbon worm! You freeze the ribbon worm.
You kill the ribbon worm!
You start resting.
HP restored.
A giant cockroach comes into view.
A giant cockroach is nearby!
A giant cockroach is nearby!
You slash the giant cockroach! You freeze the giant cockroach.
You kill the giant cockroach!
No target in view!
Sigmund the Dreaded comes into view.
He is wielding a +0 scythe.
Sigmund is nearby!
Sigmund is nearby!
Sigmund shouts!
Sigmund mumbles some strange words.
Sigmund flickers and vanishes!
Deactivating autopickup; reactivate with Ctrl-A.
No target in view!
No target in view!
No target in view!
Something hits you! Something hits you but does no damage.
You closely miss something. Something hits you!
You closely miss something. Something hits you.
You barely miss something. Something hits you!
* * * LOW HITPOINT WARNING * * *
You slash something! You freeze something. Something hits you!
* * * LOW HITPOINT WARNING * * *
You slash something! You freeze something. Something hits you!
You die...

#...........# #..†
#.#####.###.# #...
#.#...#.# #...
#.###.#.#####.# ####
#.....#........ #
#######.################
#.# #..........# #.#
#.###..#.#.# #@#
#........... #{#
#.#.#....#.. ...
#.#.#..###.. #####
##.#.#.......
#.##.#.......
######.##.#.......
#.................
#.#.#..##.#..###.. #
#.†......# #..


There were no monsters in sight!

Vanquished Creatures
  A bombardier beetle (D:3)
  3 adders
  2 ribbon worms (D:3)
  5 ball pythons
  A bat (D:1)
  6 endoplasms
  4 giant cockroaches
  3 goblins
  6 hobgoblins
  5 kobolds
  5 rats
41 creatures vanquished.

Notes
Turn   | Place    | Note
-------+----------+-------------------------------------------
     0 | D:1      | grandjackal the Demonspawn Gladiator began the quest for
                  | the Orb.
     0 | D:1      | Reached XP level 1. HP: 16/16 MP: 1/1
   100 | D:1      | Gained mutation: You are partially covered in molten
                  | scales. (AC +2) [demonic ancestry]
   100 | D:1      | Reached XP level 2. HP: 21/22 MP: 2/2
  1069 | D:2      | Reached XP level 3. HP: 28/28 MP: 3/3
  1076 | D:2      | Identified the +3 battleaxe of Symmetry {freeze, rPois rC+
                  | Int+4 Dex+3}
  1706 | D:3      | Reached skill level 1 in Axes
  1706 | D:3      | Gained mutation: You sometimes gain a little power by
                  | taking damage. [demonic ancestry]
  1706 | D:3      | Reached XP level 4. HP: 30/35 MP: 4/4
  1903 | D:3      | Noticed Sigmund
  1913 | D:3      | Slain by Sigmund

Illustrated notes

Levels and vault maps discovered:
D:1:      erik_arrival_cave_to_civilisation [erik_arrival_cave_to_hall],
          layout_loops_ring
D:2:      layout_basic
D:3:      mumra_celtic_spiral_tile, layout_basic, amcnicky_altar_gilded,
          uniq_sigmund

Skill      XL: |  1  2  3 |
---------------+----------+-----
Throwing       | 2 |  2.0
Dodging        | 3 |  3.0
Long Blades    | 3 |  3.1
Fighting       | 3 |  3.5
Axes           | 1 |  1.6

Action                     |  1- 3 |  4- 6 || total
---------------------------+-------+-------++-------
  Melee: Long sword        |    55 |       ||    55
         Battleaxe         |    29 |    17 ||    46
 Armour: Leather armour    |    46 |    10 ||    56
  Dodge: Dodged            |    63 |     6 ||    69

Table legend: (Time is in decaauts)
 A = Elapsed time spent in this place.
 B = Non-inter-level travel time spent in this place.
 C = Inter-level travel time spent in this place.
 D = Time resting spent in this place.
 E = Time spent auto-exploring this place.
 F = Levels seen in this place.
 G = Mean time per level.
                   A        B        C        D        E       F      G
               +--------+--------+--------+--------+--------+-----+--------+
         Total |   1955 |   1890 |     65 |     23 |   1573 |   3 |  651.7 |
       Dungeon |   1955 |   1890 |     65 |     23 |   1573 |   3 |  651.7 |
               +--------+--------+--------+--------+--------+-----+--------+

Top non-repeatable levels by time:
     D:1: 893 daAuts
     D:2: 801 daAuts
     D:3: 261 daAuts
